 Dungeon Crawl Stone Soup version 0.21-a0-110-g8e1637b (webtiles) character file.

21773 Manul the Whirler (level 13, -1/139 HPs)
             Began as a Halfling Hunter on July 8, 2017.
             Was an Initiate of Gozag.
             Killed from afar by a frost giant (21 damage)
             ... with a bolt of cold
             ... in an ice cave on July 9, 2017.
             The game lasted 00:30:26 (15515 turns).

Manul the Whirler (Halfling Hunter)                Turns: 15515, Time: 00:30:27

Health: -1/139     AC: 26    Str: 15    XL:     13   Next: 22%
Magic:  14/14      EV:  3    Int:  9    God:    Gozag
Gold:   2337       SH:  0    Dex: 28    Spells: 12/12 levels left

rFire    . . .     SeeInvis .   s - +4 Vampire's Tooth {vamp}
rCold    . . .     Gourm    .   (shield restricted)
rNeg     + + +     Faith    .   (armour currently unavailable)
rPois    +         Spirit   .   (helmet currently unavailable)
rElec    .         Reflect  .   (cloak currently unavailable)
rCorr    .         Harm     .   (gloves currently unavailable)
MR       .....     NoTele   +   (boots currently unavailable)
Stlth    +++++.....             e - amulet of regeneration
HPRegen  0.73/turn              O - +2 ring of strength
MPRegen  0.14/turn              X - +3 ring of dexterity

@: agile, tree-form, hasted, very quick
A: mutation resistance 1, wild magic 1
a: Potion Petition, Call Merchant, Bribe Branch, Renounce Religion


You were in an ice cave.
You worshipped Gozag.
Gozag was most pleased with you.
You were not hungry.
You were a tree.
You visited 3 branches of the dungeon, and saw 15 of its levels.
You also visited: Ice Cave.

You collected 3892 gold pieces.
You spent 903 gold pieces at shops.
You paid 652 gold pieces to Gozag.

Inventory:

Hand Weapons
 a - a +2 short sword of venom
 l - the +4 hunting sling "Aticroul" {speed, rPois rF- Stlth+}
   (You bought it in a shop on level 6 of the Dungeon)

   Attacks with this weapon are significantly faster.
   It makes you vulnerable to fire.
   It protects you from poison.
   It makes you more stealthy.
 s - the +4 Vampire's Tooth (weapon) {vamp}
   (You found it on level 5 of the Dungeon)

   It inflicts no extra harm, but heals its wielder when it wounds a living foe.
 M - a +2 rapier of draining
Missiles
 d - 77 sling bullets
 m - 329 stones (quivered)
Armour
 x - the +1 helmet of the Bouncing Blessings (melded) {rF+ rC+}
   (You found it on level 6 of the Dungeon)

   It protects you from fire.
   It protects you from cold.
 C - a +3 leather armour of fire resistance (melded)
 R - a +0 cloak (melded)
 T - a +2 pair of gloves (melded)
Jewellery
 e - an amulet of regeneration (around neck)
 k - a +4 ring of intelligence
 w - an uncursed ring of resist corrosion
 O - a +2 ring of strength (left branch)
 X - a +3 ring of dexterity (right branch)
Wands
 f - a wand of lightning (14/15)
 i - a wand of scattershot (2/9)
 q - a wand of random effects (21/48)
 t - a wand of flame (12/48)
 y - a wand of clouds (8/9)
 D - a wand of polymorph (11/24)
 E - a wand of flame (14/48)
 G - a wand of flame (28/48)
 S - a wand of acid (0/15)
Scrolls
 h - 4 scrolls of teleportation
 j - 3 scrolls of recharging
 n - 3 scrolls of enchant armour
 v - 5 scrolls of identify
 J - 2 scrolls of remove curse
Potions
 c - a potion of invisibility
 p - a potion of cancellation
 u - 2 potions of curing
 A - 3 potions of haste
 F - a potion of flight {unknown}
Books
 H - a book of Geomancy

   Spells                             Type                      Level
   a - Sandblast                      Earth                        1
   b - Passwall                       Transmutation/Earth          2
   c - Stone Arrow                    Conjuration/Earth            3
   d - Petrify                        Transmutation/Earth          4
   e - Lee's Rapid Deconstruction     Earth                        5
Miscellaneous
 U - a lamp of fire (inert)
Comestibles
 b - 5 bread rations
 g - 6 meat rations
 r - 7 royal jellies
 I - 15 fruits


   Skills:
 + Level 10.3 Fighting
 + Level 11.0 Short Blades
 + Level 16.0 Slings
 + Level 6.5 Armour
 + Level 8.3 Dodging
 + Level 5.9 Stealth
 + Level 1.6 Evocations


You had 12 spell levels left.
You didn't know any spells.

Dungeon Overview and Level Annotations

Branches:
Dungeon (12/15)            Temple (1/1) D:4            Lair (0/6) D:10
    Orc (2/2) D:11            Elf (0/3) Orc:2

Altars:
Ashenzari
Dithmenos
Elyvilon
Gozag
Kikubaaqudgha
Nemelex Xobeh
Okawaru
Qazlal
Ru
Vehumet
Wu Jian
Xom
The Shining One

Shops:
D:5 }(*(%   D:6 (

Annotations:
D:12 Frances


Innate Abilities, Weirdness & Mutations

You are small and have problems with some larger weapons.
You are somewhat resistant to further mutation.
Your spells are a little harder to cast, but a little more powerful.


Message History

Unknown command.
Okay, then.
Evoke which item? (* to show all) (? for menu, Esc to quit)
Aiming: Throw Flame (will waste charges)
Press: ? - help, Shift-Dir - straight line, f - frost giant
Aim: a frost giant, wielding a battleaxe of freezing (moderately wounded)
The puff of flame hits the frost giant.
The frost giant appears unharmed.
The frost giant is moderately wounded.
Evoking this partially-identified wand wasted a few charges.
Evoke which item? (* to show all) (? for menu, Esc to quit)
Aiming: Throw Flame (will waste charges)
Press: ? - help, Shift-Dir - straight line, f/p - frost giant
Aim: a frost giant, wielding a battleaxe of freezing (moderately wounded)
The puff of flame hits the frost giant.
The frost giant appears unharmed.
The frost giant is moderately wounded.
Evoking this partially-identified wand wasted a few charges.
The frost giant points at you and mumbles some strange words.
Helpless, you fail to dodge the bolt of cold.
You die...
Your body crumbles into a pile of gold.

#..##
##.####..###.#
##..###..#
#.⌠###..#
#...#..##
#...##.##
##.....#
#..#...#
#....##
##.#..##
##..##
##.##### #..#
#.##Y## ####.#
##.#CY#
##.#.##
##♣#..Y...#
#.#.##
#.#Yhh.#$|
##.## ####.Y.#
### #.## ##


You could see a frost giant, a death yak and a yak (fleeing).

Vanquished Creatures
  2 hydras
  3 two-headed ogres
  3 death yaks (IceCv)
  Nergalle (D:12)
  Psyche (D:11)
  An ice statue (IceCv)
  2 trolls
  11 polar bears (IceCv)
  2 dream sheep (D:8)
  A slime creature (D:12)
  A hippogriff (D:10)
  A wyvern (D:9)
  19 yaks
  A hungry ghost (D:9)
  4 wargs
  A water moccasin (D:6)
  2 ice beasts
  11 orc warriors
  2 sky beasts
  A black bear (D:7)
  A phantom (D:11)
  A necrophage (D:10)
  16 wolves (IceCv)
  6 ogres
  An eye of draining (D:11)
  5 centaurs
  4 big kobolds
  5 bullfrogs
  A wyvern zombie (D:11)
  A gnoll sergeant (D:10)
  2 scorpions
  15 killer bees
  9 wights
  2 vampire bats (D:5)
  3 howler monkeys
  2 bullfrog zombies
  3 centaur zombies
  2 crimson imps
  9 hounds
  3 jellies
  3 centaur skeletons
  16 orc priests
  A bullfrog skeleton (D:5)
  5 iguanas
  18 orc wizards
  3 worker ants
  A killer bee zombie (D:8)
  A hound zombie (D:8)
  3 worker ant zombies
  2 howler monkey skeletons
  15 gnolls
  10 adders
  3 shadow imps
  An adder zombie (D:10)
  2 adder skeletons
  2 worms
  2 dart slugs
  4 leopard geckos
  53 orcs
  13 bats
  4 giant cockroaches
  4 goblins
  6 hobgoblins
  15 jackals
  10 kobolds
  7 quokkas
  2 ball pythons
  6 frilled lizards
  6 rats
379 creatures vanquished.

Vanquished Creatures (others)
  A hobgoblin (D:2)
1 creature vanquished.

Grand Total: 380 creatures vanquished

Notes
Turn   | Place    | Note
-------+----------+-------------------------------------------
     0 | D:1      | Manul the Halfling Hunter began the quest for the Orb.
     0 | D:1      | Reached XP level 1. HP: 14/14 MP: 1/1
   142 | D:1      | Reached skill level 6 in Slings
   237 | D:1      | Reached XP level 2. HP: 19/19 MP: 2/2
   811 | D:1      | Reached XP level 3. HP: 19/24 MP: 3/3
   897 | D:2      | Found an opulent altar of Gozag.
   898 | D:2      | Found a shimmering altar of Xom.
   905 | D:2      | Found an ornate altar of the Wu Jian Council.
   905 | D:2      | Found a sacrificial altar of Ru.
   907 | D:2      | Found a shadowy altar of Dithmenos.
   909 | D:2      | Found an iron altar of Okawaru.
   910 | D:2      | Found an ancient bone altar of Kikubaaqudgha.
   914 | D:2      | Became a worshipper of Gozag Ym Sagoz the Greedy
  1432 | D:2      | Found a radiant altar of Vehumet.
  1562 | D:2      | Reached skill level 7 in Slings
  1740 | D:2      | Reached skill level 1 in Armour
  1830 | D:2      | Reached XP level 4. HP: 29/29 MP: 4/4
  2078 | D:2      | Reached XP level 5. HP: 28/34 MP: 5/5
  2293 | D:3      | Reached skill level 1 in Short Blades
  2451 | D:3      | Reached skill level 8 in Slings
  2998 | D:3      | Reached XP level 6. HP: 26/41 MP: 3/6
  3379 | D:4      | Found a staircase to the Ecumenical Temple.
  3524 | Temple   | Entered the Ecumenical Temple
  3960 | D:5      | Entered Level 5 of the Dungeon
  4255 | D:5      | Reached XP level 7. HP: 38/45 MP: 7/7
  4788 | D:5      | Gained mutation: You are partially covered in large bone plates. (SH +4) [potion of mutation]
  4916 | D:5      | Found Xixecox's Weapon Emporium.
  4939 | D:5      | Reached skill level 9 in Slings
  4974 | D:5      | Found Vegaal's Weapon Shoppe.
  4986 | D:5      | Reached XP level 8. HP: 42/52 MP: 5/8
  5050 | D:5      | Found Epimixt's Gadget Emporium.
  5275 | D:5      | Found Yhiemek's General Store.
  5281 | D:5      | Bought a +3 leather armour of fire resistance for 336 gold pieces
  5281 | D:5      | Bought a scroll of teleportation for 42 gold pieces
  5450 | D:5      | Found Ditulig's Food Shoppe.
  5461 | D:5      | Reached skill level 10 in Slings
  5493 | D:5      | Bought a meat ration for 70 gold pieces
  5493 | D:5      | Bought a bread ration for 70 gold pieces
  5493 | D:5      | Bought a meat ration for 70 gold pieces
  5493 | D:5      | Bought a bread ration for 70 gold pieces
  5493 | D:5      | Bought a meat ration for 70 gold pieces
  6277 | D:6      | Reached skill level 5 in Short Blades
  6584 | D:6      | Reached XP level 9. HP: 55/58 MP: 9/9
  6687 | D:5      | HP: 1/59 [orc warrior/hand axe (13)]
  7199 | D:6      | Got a warped helmet
  7210 | D:6      | Identified the +1 helmet of the Bouncing Blessings {rF+ rC+} (You found it on level 6 of the Dungeon)
  7847 | D:6      | Found a shattered altar of Ashenzari.
  7879 | D:6      | Found Yfehicw's Antique Weapon Shop.
  7883 | D:6      | Bought an ichor-stained hunting sling for 175 gold pieces
  7883 | D:6      | Identified the +4 hunting sling "Aticroul" {speed, rPois rF- Stlth+} (You bought it in a shop on level 6 of the Dungeon)
  8123 | D:7      | Reached skill level 5 in Fighting
  8615 | D:7      | Reached skill level 5 in Armour
  8931 | D:7      | Reached skill level 5 in Dodging
  9295 | D:8      | Reached XP level 10. HP: 50/66 MP: 10/10
  9348 | D:8      | Noticed a two-headed hydra
  9375 | D:8      | Killed a two-headed hydra
  9375 | D:8      | Reached skill level 5 in Stealth
  9783 | D:9      | Noticed a two-headed ogre
  9793 | D:9      | Killed a two-headed ogre
  9793 | D:9      | Reached skill level 11 in Slings
  9817 | D:9      | Found a shattered altar of Ashenzari.
  9902 | D:9      | Found a stormy altar of Qazlal.
  9981 | D:9      | Noticed a two-headed ogre
  9985 | D:9      | Reached XP level 11. HP: 74/74 MP: 11/11
 10004 | D:9      | Killed a two-headed ogre
 10004 | D:9      | Reached skill level 12 in Slings
 10344 | D:9      | Found a glowing golden altar of the Shining One.
 10401 | D:10     | Entered Level 10 of the Dungeon
 10442 | D:10     | Reached skill level 13 in Slings
 10471 | D:10     | Lost mutation: You are partially covered in large bone plates. (SH +4) [potion of mutation]
 10471 | D:10     | Gained mutation: Your spells are a little harder to cast, but a little more powerful. [potion of mutation]
 10742 | D:10     | Found a staircase to the Lair.
 10743 | D:10     | Noticed a two-headed ogre
 10754 | D:10     | Killed a two-headed ogre
 11472 | D:11     | Noticed an eight-headed hydra
 11486 | D:11     | Killed an eight-headed hydra
 11486 | D:11     | Reached skill level 14 in Slings
 11514 | D:11     | Noticed Psyche
 11527 | D:11     | Killed Psyche
 11557 | D:11     | Found a radiant altar of Vehumet.
 11649 | D:11     | Found a staircase to the Orcish Mines.
 12041 | D:11     | Reached XP level 12. HP: 84/84 MP: 12/12
 12123 | D:12     | Noticed Nergalle
 12143 | D:12     | Killed Nergalle
 12227 | D:12     | Noticed Frances
 12466 | Orc:1    | Entered Level 1 of the Orcish Mines
 12824 | Orc:1    | Identified a scroll of acquirement
 12825 | Orc:1    | Got a pair of shimmering boots
 12831 | Orc:1    | Identified the -2 pair of boots of Somewhere Else {Int+2} (You acquired it on level 1 of the Orcish Mines)
 12845 | Orc:1    | Reached skill level 15 in Slings
 13205 | Orc:2    | Entered Level 2 of the Orcish Mines
 13286 | Orc:2    | Found a staircase to the Elven Halls.
 13399 | Orc:2    | Found a frozen archway.
 13463 | IceCv    | Entered an ice cave
 14119 | IceCv    | Reached skill level 10 in Short Blades
 14186 | IceCv    | Noticed a death yak
 14203 | IceCv    | Killed a death yak
 14285 | IceCv    | HP: 3/87 [polar bear (23)]
 14287 | IceCv    | Reached skill level 10 in Fighting
 14346 | IceCv    | Reached skill level 1 in Evocations
 14401 | IceCv    | Reached XP level 13. HP: 32/92 MP: 13/13
 14953 | IceCv    | Noticed a frost giant
 15415 | IceCv    | Reached skill level 16 in Slings
 15515 | IceCv    | Killed from afar by a frost giant

Vault maps used:
D:1:      minmay_arrival_widening_spiral_wide
D:2:      kennysheep_big_flooded_room, fiery_altar_vehumet,
          grunt_temple_overflow_open, serial_bayou_pond_e
D:4:      minmay_temple_entry_statues_pillars, first_bread
D:5:      serial_shops, kennysheep_little_box, nicolae_shop_statue_plus,
          nicolae_shop_crystal, shop, shop, hangedman_decor_push,
          minmay_guarded_unrand_vampires_tooth
D:6:      serial_shops, nicolae_shop_statue_plus, dk_noncrumbling_2,
          grunt_decor_cap, minmay_misc_feat_five, cheibrodos_ashenzari_chains
D:8:      hangedman_ranch
D:9:      nicolae_qazlal_style_of_elements, basic_altar,
          nicolae_tso_swordbearing_angel
D:10:     erik_lair_orcish_takeover, st_stairs_5
D:11:     orc_0_dummy, basic_altar, uniq_psyche
D:12:     minmay_the_grid_triangle_9x9_rhombus_full_mashed, uniq_nergalle,
          uniq_fannar, uniq_frances, uniq_urug
Temple:   nicolae_temple_figure_eight
Orc:1:    lightli_orcish_oven
Orc:2:    grunt_orc_cross, basic_altar, portal_ice_cave_entry_pillars_1,
          lightli_church_of_beogh
IceCv:    ice_cave_caverns_01

Skill      XL: |  1  2  3  4  5  6  7  8  9 10 11 12 13 |
---------------+----------------------------------------+-----
Slings         | 6 7 8 9 10 11 14 15 16 | 16.0
Fighting       | 2 3 4 5 6 8 10 | 10.3
Armour         | 1 2 3 4 5 6 |  6.5
Short Blades   | 2 3 4 5 7 9 10 11 | 11.0
Dodging        | 3 5 6 7 8 |  8.3
Stealth        | 2 4 5 |  5.9
Evocations     | 1 |  1.6

Action                   |  1- 3 |  4- 6 |  7- 9 | 10-12 | 13-15 || total
-------------------------+-------+-------+-------+-------+-------++-------
Melee: Short sword       |    43 |   173 |    42 |   256 |       ||   514
       Dagger            |       |       |   591 |    20 |    59 ||   670
       Rapier            |       |       |       |    49 |     8 ||    57
 Fire: Hunting sling     |    69 |    54 |   107 |   829 |   149 ||  1208
Invok: Potion Petition   |       |       |       |     1 |     1 ||     2
Evoke: Wand              |       |       |       |     3 |     6 ||     9
       Lamp of fire      |       |       |       |     1 |       ||     1
  Use: Potion            |       |     2 |     8 |     2 |     5 ||    17
       Scroll            |       |       |    14 |     8 |     7 ||    29
 Stab: Distracted        |       |     1 |       |     3 |       ||     4
       Sleeping          |       |       |     7 |       |       ||     7
  Eat: Bread ration      |     1 |     1 |     4 |     1 |       ||     7
       Meat ration       |       |       |     1 |     1 |     3 ||     5
       Royal jelly       |       |       |     1 |     1 |       ||     2
Armor: Leather armour    |     2 |       |    81 |    77 |    15 ||   175
       Ring mail         |    23 |    52 |    18 |       |       ||    93
       Skin              |       |       |       |       |     1 ||     1
Dodge: Dodged            |    58 |   160 |   336 |   380 |    45 ||   979
Block: Other             |       |       |    78 |     5 |       ||    83
